cohdb
Replays
Latest Replays
All Replays
Popular Replays
Top Player Replays
Match Explorer
How It Works
Community
CoH3 Stats
Reddit
Sign in to upload your games and track your stats! →
Sign in with Steam
Match 42596060
Unlisted
Match 42596060
Overview
Messages
Build Orders
End
Vickers Machine Gun Team
Royal Engineer Section
Construct Section Command Post
Infantry Section
Selects Indian Artillery Battlegroup
Selects Artillery Saturation
ML 3-inch Mortar Team
Selects Valour
Infantry Section
Royal Engineer Section
Grenade Package
Selects Gurkha Rifles Section
Construct Platoon Command Post
Unlock M3 Stuart Light Tanks
Selects Pillage
M3 Stuart Light Tank
Gab BF
Guderian ITA
0
0
Comments
sign in to comment!
No comments posted yet!